[Event "21st Alekhine FIDE 2017"]
[Site "Voronezh"]
[Date "2017.06.17"]
[Round "6"]
[White "Provkin, Vladimir"]
[Black "Filippov, Ivan"]
[Result "1-0"]
[ECO "D43"]
[WhiteElo "2163"]
[BlackElo "2041"]
[Annotator "NA"]
[PlyCount "92"]
[EventDate "2017.??.??"]
[EventType "swiss"]
[EventCountry "RUS"]
[SourceTitle "playchess.com"]
[Source "ChessBase"]
[SourceQuality "1"]
[TimeControl "40/5400+30:1800+30"]

1. d4 e6 2. Nf3 d5 3. c4 Nf6 4. Nc3 c6 5. Bg5 Nbd7 6. cxd5 exd5 7. e3 h6 8. Bh4 Qa5 9. Bd3 Bb4 10. Qc2 O-O 11. O-O Re8 12. a3 {[%emt 0:04:16] D52: Queen's Gambit Declined: Cambridge Springs Variation} (12. Nd2 Bxc3 13. bxc3 Qa3 14. Nb1 Qd6 15. a4 Nf8 16. Nd2 b6 17. Rfe1 Bb7 18. f3 c5 19. Qb2 Bc6 20. Bg3 Qd8 21. Bf2 {1-0 (91) Nguyen Huynh Minh,H (2474)-Juswanto,D (2402) Jakarta 2014}) 12... Bxc3 13. bxc3 {[%emt 0:00:06] LiveBook: 4 Games} Ne4 14. c4 Ndf6 15. Ne5 (15. Bxf6 $5 Nxf6 16. c5 $14) 15... Qd2 16. cxd5 cxd5 $146 ({Predecessor:} 16... Qxc2 $1 $14 17. Bxc2 cxd5 18. Ba4 Re6 19. Rfc1 Ra6 20. Bg3 Be6 21. Rc7 Rb6 22. Rac1 Ne8 23. R7c2 Bf5 {½-½ (23) Srvatka,I (2191)-Hazir,S (2167) Slovakia 2006}) 17. Rfc1 ({White should play} 17. Qc7 $16 Be6 18. Bxf6 (18. Qxb7 Nc3 $16)) 17... Qxc2 18. Rxc2 g5 19. f3 Nd6 20. Be1 Bf5 21. Bxf5 Nxf5 22. Rc7 Re7 23. Rac1 Ne8 24. Rc8 Rxc8 25. Rxc8 f6 26. Bb4 Re6 27. Nd7 Kf7 28. e4 Ne7 {[%emt 0:15:17] [#]} 29. Rb8 $1 Nc6 30. exd5 $18 Nxb8 31. dxe6+ Kxe6 32. Nxb8 Kd5 33. Bc5 b6 34. Bf8 a5 35. Nd7 Kc6 36. Nxb6 Kxb6 37. Bxh6 Kb5 38. Bf8 Kc4 39. Bc5 Nc7 40. g3 Ne6 41. h4 gxh4 42. gxh4 Nf4 43. Kf2 Nh5 44. Ke3 Kd5 45. Kd3 a4 46. Kc3 Ke6 1-0

[Event "21st Alekhine FIDE 2017"]
[Site "Voronezh"]
[Date "2017.06.17"]
[Round "6"]
[White "Palin, Denis"]
[Black "Garafutdinov, Ainur"]
[Result "1/2-1/2"]
[ECO "C47"]
[WhiteElo "2158"]
[BlackElo "1998"]
[Annotator "NA"]
[PlyCount "88"]
[EventDate "2017.??.??"]
[EventType "swiss"]
[EventCountry "RUS"]
[SourceTitle "playchess.com"]
[Source "ChessBase"]
[SourceQuality "1"]
[TimeControl "40/5400+30:1800+30"]

1. e4 e5 2. Nf3 Nc6 3. Nc3 Nf6 4. a3 d5 5. Bb5 {[%emt 0:00:05] C47: Scotch Four Knights and Four Knights with 4 g3} (5. exd5 Nxd5 6. Bb5 Nxc3 7. bxc3 Bd6 8. d4 exd4 9. Qe2+ Qe7 10. Qxe7+ Kxe7 11. cxd4 a6 12. Bxc6 bxc6 13. c4 Re8 {0-1 (45) Motylev,A (2686)-Karjakin,S (2777) Moscow 2014}) 5... d4 6. Ne2 Bd6 7. Ng3 Be6 $146 ({Predecessor:} 7... a6 8. Bxc6+ bxc6 9. h3 Rb8 10. d3 O-O 11. c4 c5 12. b3 Ne8 {1-0 (39) Frank,H (2303)-Kuhl,E (2358) GER email 2008}) 8. d3 h6 9. Qe2 Nd7 10. Nf5 Qf6 11. Bxc6 bxc6 12. g4 Bf8 13. Rg1 Qd8 14. g5 h5 15. g6 f6 16. N3h4 Nc5 17. f4 exf4 18. Bxf4 Qd7 19. Nf3 Bxf5 20. exf5+ Be7 21. Nh4 O-O-O 22. O-O-O Bd6 23. Qf2 Bxf4+ 24. Qxf4 Qd5 25. Kb1 Na4 26. Qe4 Rhe8 27. Qxd5 Rxd5 28. Rde1 Rde5 (28... Rxe1+ $11 {remains equal.} 29. Rxe1 Kd7) 29. Nf3 Rxe1+ 30. Rxe1 Rxe1+ 31. Nxe1 Nb6 32. Nf3 Nd5 33. Nxd4 Ne7 34. b4 Kd7 35. c4 Kd6 36. Kb2 Ke5 37. Kc3 h4 $16 38. Nf3+ Kxf5 39. Nxh4+ Kg4 40. Ng2 Nxg6 41. Ne3+ Kf4 42. Kd2 Nh4 43. Ke2 g5 44. b5 cxb5 1/2-1/2

[Event "21st Alekhine FIDE 2017"]
[Site "Voronezh"]
[Date "2017.06.17"]
[Round "6"]
[White "Tatarintsev, Egor"]
[Black "Rozmanov, Aleksandr"]
[Result "1/2-1/2"]
[ECO "C68"]
[WhiteElo "2085"]
[BlackElo "1928"]
[Annotator "NA RC"]
[PlyCount "67"]
[EventDate "2017.??.??"]
[EventType "swiss"]
[EventCountry "RUS"]
[SourceTitle "playchess.com"]
[Source "ChessBase"]
[SourceQuality "1"]
[TimeControl "40/5400+30:1800+30"]

1. e4 e5 2. Nf3 Nc6 3. Bb5 a6 4. Bxc6 dxc6 5. O-O f6 6. d4 exd4 7. Nxd4 c5 8. Ne2 Be6 {[%emt 0:00:38] C69: Ruy Lopez: Exchange Variation with 5 0-0 f6} (8... Qxd1 9. Rxd1 Bd7 10. Nbc3 O-O-O 11. Be3 Re8 12. Rd2 Bc6 13. Rad1 Bd6 14. Bf4 Bxf4 15. Nxf4 Nh6 16. Nh5 Rhg8 17. f3 f5 18. Ng3 fxe4 19. Ncxe4 Re5 {1-0 (47) Socko,B (2617)-Nyback,T (2608) Germany 2015}) 9. a4 $146 ({Predecessor:} 9. Bf4 Bd6 10. Nbc3 Ne7 11. Qc1 Ng6 12. Bxd6 Qxd6 13. f4 Ne7 14. Rd1 Qc6 15. f5 Bf7 16. Nf4 {1-0 (44) Cornette,M (2494)-Lev,R (2414) Kemer 2007}) 9... b6 (9... Ne7 $11) 10. Nbc3 Qxd1 11. Rxd1 Bd6 12. Bf4 O-O-O 13. Nd5 Bxd5 14. exd5 Ne7 15. Bxd6 Rxd6 16. a5 Rxd5 17. Rxd5 Nxd5 18. axb6 cxb6 19. Rxa6 Kb7 20. Ra3 Re8 21. Kf1 Re7 22. Rd3 Kc6 23. c3 b5 24. Rd2 g6 25. g3 Ra7 26. Ke1 Ra1+ 27. Rd1 Ra2 28. c4 Nc7 29. cxb5+ Nxb5 30. Rd2 Ra1+ 31. Rd1 Ra2 32. Rd2 Ra1+ 33. Rd1 $11 Ra2 34. Ng1 1/2-1/2

[Event "21st Alekhine FIDE 2017"]
[Site "Voronezh"]
[Date "2017.06.17"]
[Round "6"]
[White "Kozlov, Sergej A"]
[Black "Palkovich, Denis"]
[Result "0-1"]
[ECO "B01"]
[WhiteElo "2072"]
[BlackElo "2147"]
[Annotator "NA"]
[PlyCount "114"]
[EventDate "2017.??.??"]
[EventType "swiss"]
[EventCountry "RUS"]
[SourceTitle "playchess.com"]
[Source "ChessBase"]
[SourceQuality "1"]
[TimeControl "40/5400+30:1800+30"]

1. e4 d5 2. exd5 Qxd5 3. Nc3 Qa5 4. d4 Nf6 5. Nf3 Nc6 6. Bb5 Nd5 7. Bd2 (7. Rb1 $14) 7... Nxc3 {[%emt 0:03:37] LiveBook: 16 Games B01: Scandinavian Defence} 8. Bxc6+ $1 bxc6 9. Bxc3 Qd5 $1 10. O-O (10. h3 Ba6 11. Qd2 e6 12. Kd1 Rd8 13. Kc1 c5 14. Rd1 Be7 15. b3 cxd4 16. Bxd4 {½-½ (53) Govedarica,R (2395)-Saric,S (2444) Kragujevac 2010}) 10... Bg4 $1 11. Re1 Bxf3 $1 12. Qxf3 Qxf3 13. gxf3 e6 14. Re5 O-O-O 15. Rd1 $146 ({Predecessor:} 15. Ra5) 15... Be7 16. Rd3 Rd5 17. Bd2 Rhd8 18. Be3 Bd6 19. Rxd5 cxd5 20. Rb3 Kd7 21. Bd2 a6 22. h3 Re8 (22... g5 $5) 23. Kg2 f6 24. Rd3 Rb8 25. Bc1 Rb4 26. c3 Ra4 27. a3 Rc4 28. Be3 Rc6 29. Bc1 Rb6 30. Rd1 Rb3 31. Kf1 Kc6 32. Ke2 a5 33. Rg1 Bf8 34. Kd3 a4 35. Rg4 Rb8 36. Rh4 h6 37. Rg4 Kd7 38. Kc2 Re8 39. Be3 h5 40. Rg1 e5 41. Rd1 e4 42. Rg1 exf3 43. Rg3 c6 44. Rxf3 Bd6 45. Bd2 Re2 46. Kd3 Re4 47. Re3 Rh4 $15 48. Rf3 Ke6 49. Ke2 g5 50. Kf1 g4 51. hxg4 hxg4 52. Re3+ Kd7 53. Re1 f5 54. Kg2 Rh2+ 55. Kg1 g3 56. Rf1 f4 57. Bc1 g2 0-1

[Event "21st Alekhine FIDE 2017"]
[Site "Voronezh"]
[Date "2017.06.17"]
[Round "6"]
[White "Lebedev, Mikhail S"]
[Black "Peschansky, Mikhail"]
[Result "0-1"]
[ECO "B06"]
[WhiteElo "2041"]
[BlackElo "2162"]
[Annotator "ChessBase"]
[PlyCount "136"]
[EventDate "2017.??.??"]
[EventType "swiss"]
[EventCountry "RUS"]
[SourceTitle "playchess.com"]
[Source "ChessBase"]
[SourceQuality "1"]
[TimeControl "40/5400+30:1800+30"]

1. e4 g6 2. d4 Bg7 3. Nf3 c6 4. Nc3 d6 5. h3 Nd7 6. Be3 Qb6 7. Qc1 Ngf6 8. Be2 a6 9. O-O O-O 10. a4 a5 11. Rd1 Qc7 12. Bh6 e5 13. dxe5 dxe5 14. Bxg7 Kxg7 15. Qe3 Re8 16. Bc4 Qb6 17. Qxb6 Nxb6 18. Bb3 Nfd7 19. Nd2 Nc5 20. Bc4 Rd8 21. Bf1 Be6 22. b3 f6 23. Nf3 h5 24. g3 g5 25. Kg2 Kf7 26. Be2 Ke7 27. h4 g4 28. Nh2 Rg8 29. f3 gxf3+ 30. Bxf3 Bf7 31. Kf2 Ne6 32. Nf1 Nd4 33. Ne3 Bg6 34. Bg2 Nd7 35. Ne2 Nxe2 36. Kxe2 Nc5 37. Kf2 Bxe4 38. Bh3 Rad8 39. Nf5+ Bxf5 40. Bxf5 Rd5 41. Rxd5 cxd5 42. Rd1 Kd6 43. Bh7 Rg7 44. Bf5 e4 45. Bh3 Ke5 46. Bf1 d4 47. Be2 e3+ 48. Kf3 Ne4 49. Rg1 f5 50. Bb5 Rc7 51. Bd3 Rc3 52. Rg2 Nf2 53. Rxf2 exf2 54. Kxf2 f4 55. Kf3 fxg3 56. Kxg3 Rc7 57. Kh3 Kf4 58. Bg6 Rc5 59. Bd3 Ke3 60. Kg3 Kd2 61. Bg6 Rxc2 62. Bxh5 Rc3+ 63. Kf4 d3 64. Bf3 Rxb3 65. h5 Rb6 66. Kg5 Kc1 67. h6 Rxh6 68. Kxh6 d2 0-1

[Event "21st Alekhine FIDE 2017"]
[Site "Voronezh"]
[Date "2017.06.17"]
[Round "6"]
[White "Rozmetov, Aybek"]
[Black "Yashmetov, Nikolay"]
[Result "1-0"]
[ECO "E15"]
[WhiteElo "1978"]
[BlackElo "2127"]
[Annotator "ChessBase"]
[PlyCount "125"]
[EventDate "2017.??.??"]
[EventType "swiss"]
[EventCountry "RUS"]
[SourceTitle "playchess.com"]
[Source "ChessBase"]
[SourceQuality "1"]
[TimeControl "40/5400+30:1800+30"]

1. d4 Nf6 2. c4 e6 3. Nf3 b6 4. g3 Ba6 5. b3 b5 6. cxb5 Bxb5 7. Bg2 d5 8. O-O Be7 9. Nc3 Ba6 10. Bf4 Nh5 11. Be3 O-O 12. Ne5 c6 13. Qc2 Nf6 14. Na4 Bb7 15. Rac1 Nfd7 16. Nd3 Na6 17. Qb2 Bd6 18. Rc2 Qe7 19. b4 Rab8 20. a3 Nb6 21. Ndc5 Bxc5 22. Nxc5 Nxc5 23. dxc5 Nd7 24. b5 Rfc8 25. Rfc1 f6 26. a4 Ba8 27. h4 a6 28. b6 Bb7 29. a5 Re8 30. Qb4 Rbd8 31. Bd2 Nf8 32. e4 Qf7 33. exd5 exd5 34. Bf4 Ng6 35. Bc7 Rd7 36. Bd6 Ne5 37. Bf1 Nf3+ 38. Kg2 Re4 39. Qxe4 dxe4 40. Bc4 f5 41. Bxf7+ Kxf7 42. g4 g6 43. Kg3 Kf6 44. g5+ Ke6 45. Rh1 Nd4 46. Rd2 Nb3 47. Ra2 Nd4 48. h5 gxh5 49. Rxh5 Kd5 50. Rh6 Rg7 51. Rd2 Kc4 52. Bf4 Nb3 53. Rd8 Nxa5 54. Rh8 Kxc5 55. Be3+ Kb5 56. R8xh7 Rg8 57. Rh8 Rg7 58. g6 c5 59. Bg5 Bd5 60. Bf6 Rd7 61. Rd8 e3 62. Rxd7 e2 63. Bc3 1-0

[Event "21st Alekhine FIDE 2017"]
[Site "Voronezh"]
[Date "2017.06.17"]
[Round "6"]
[White "Piskov, Vladimir A"]
[Black "Geranichev, Mikhail"]
[Result "0-1"]
[ECO "A45"]
[WhiteElo "1909"]
[BlackElo "2076"]
[Annotator "NA"]
[PlyCount "82"]
[EventDate "2017.??.??"]
[EventType "swiss"]
[EventCountry "RUS"]
[SourceTitle "playchess.com"]
[Source "ChessBase"]
[SourceQuality "1"]
[TimeControl "40/5400+30:1800+30"]

1. d4 Nf6 2. Bg5 g6 3. Nc3 d5 4. h4 {[%emt 0:01:20] D01: Veresov Opening} (4. Bxf6 exf6 5. e3 Bg7 6. g3 O-O 7. Bg2 c6 8. h4 h5 9. Nge2 Bg4 10. Qd2 Bxe2 11. Nxe2 f5 12. Qb4 Qb6 13. Qb3 Nd7 {½-½ (75) Michalik,P (2557)-Ftacnik,L (2566) Prievidza 2014}) 4... h6 5. Bxf6 exf6 6. h5 g5 7. e3 Bg7 $146 ({Predecessor:} 7... Be6 8. Bd3 c5 9. dxc5 Bxc5 10. Nge2 Nc6 {1-0 (38) Tonndorf,M (2027)-Margraf,D (2105) Bockenem 2003}) 8. Qf3 c6 9. Bd3 O-O 10. Nge2 Re8 11. O-O-O Nd7 12. e4 dxe4 13. Bxe4 Nf8 14. d5 (14. g4 $16) 14... c5 ({Better is} 14... cxd5 15. Rxd5 (15. Bxd5 Qb6 $11) 15... Qc7) 15. Kb1 (15. Ng3 $16) 15... Qd6 ({Black should try} 15... f5 $14 16. Bxf5 Bxf5 17. Qxf5 Qb6) 16. Rhe1 (16. Ng3 $142) 16... Bd7 17. Ng3 b5 18. Bf5 Rxe1 19. Rxe1 Re8 20. Rxe8 Bxe8 21. Nge4 Qb6 22. Qe3 Bd7 23. d6 Qc6 (23... Be6 $142) 24. g4 ({White should play} 24. Bxd7 $18 Qxd7 25. Qd3 (25. Qxc5 f5 $16) (25. Nxc5 Qxd6 26. Nd3 b4 $14)) 24... b4 25. Ne2 Bxf5 26. gxf5 Nd7 {[%emt 0:00:36] [#]} 27. c4 $1 Bf8 28. Qd3 Kg7 29. f4 ({White should try} 29. Nc1 $18) 29... a5 30. b3 a4 {[%emt 0:01:04] [#]} 31. Kc2 (31. Qd5 $1 $16 Qxd5 32. cxd5 axb3 33. axb3) 31... Qa8 32. Kd2 axb3 33. axb3 Qa2+ 34. Ke3 Qb2 35. Kf3 Qa1 36. Kg2 Qe1 37. Nf2 Kg8 38. fxg5 hxg5 39. Ng3 Qe5 40. Nfe4 Qb2+ $11 41. Kh3 g4+ 0-1

[Event "21st Alekhine FIDE 2017"]
[Site "Voronezh"]
[Date "2017.06.17"]
[Round "6"]
[White "Sokolovsky, Victor"]
[Black "Kazmin, Semen"]
[Result "0-1"]
[ECO "C15"]
[WhiteElo "1896"]
[BlackElo "2086"]
[Annotator "NA"]
[PlyCount "66"]
[EventDate "2017.??.??"]
[EventType "swiss"]
[EventCountry "RUS"]
[SourceTitle "playchess.com"]
[Source "ChessBase"]
[SourceQuality "1"]
[TimeControl "40/5400+30:1800+30"]

1. e4 e6 2. d4 d5 3. Nc3 Bb4 4. Bd3 dxe4 5. Bxe4 Nf6 6. Bd3 c5 7. Nf3 {[%emt 0:00:33] C15: French: 3 Nc3 Bb4: Unusual White 4th moves} (7. a3 Ba5 8. dxc5 Bxc3+ 9. bxc3 Qa5 10. Nf3 O-O 11. O-O Nbd7 12. Bf4 Nxc5 13. Bd6 Re8 14. Rb1 Nxd3 15. Qxd3 {0-1 (41) Pershin,D (2336)-Smirnov,P (2564) Kazan 2016}) 7... Nc6 8. a3 Bxc3+ 9. bxc3 O-O 10. Bg5 $146 ({Predecessor:} 10. O-O b6 11. Rb1 Qe7 12. Re1 Rd8 13. Bg5 h6 14. Bh4 {1-0 (23) Miellet Bensan,Y (2213)-Sedina,E (2393) Cappelle-la-Grande 2001}) 10... h6 11. h4 (11. Be3 $11) 11... Re8 12. Qd2 (12. Ne5 $17) 12... e5 13. Bxf6 (13. dxe5 $142 hxg5 14. hxg5) 13... Qxf6 14. dxe5 Nxe5 15. O-O-O Nxd3+ 16. Qxd3 {[%emt 0:01:48] [#]} Bf5 $1 17. Qc4 Re4 18. Qb3 Qa6 19. Rhe1 {[%emt 0:01:56] [#]} Be6 $1 20. Qb2 Ra4 21. Kd2 $2 (21. c4) 21... Rd8+ 22. Kc1 Rc8 23. Kd2 $2 (23. Rxe6 Qxe6 24. Qb3 Qxb3 25. cxb3 Rxa3 26. Kb2) 23... Rc6 24. Re3 Rd6+ 25. Ke1 Rxd1+ 26. Kxd1 Rxa3 27. Kd2 $19 Ra2 28. Qb1 Ra1 29. Qb2 Qf1 30. Ne1 Qxf2+ 31. Re2 Qf4+ 32. Re3 Rxe1 33. Kxe1 Qxe3+ 0-1

[Event "21st Alekhine FIDE 2017"]
[Site "Voronezh"]
[Date "2017.06.17"]
[Round "6"]
[White "Filippov, Vladimir"]
[Black "Chekletsov, Egor"]
[Result "*"]
[ECO "A05"]
[WhiteElo "1882"]
[BlackElo "2070"]
[Annotator "NA RC"]
[PlyCount "30"]
[EventDate "2017.??.??"]
[EventType "swiss"]
[EventCountry "RUS"]
[SourceTitle "playchess.com"]
[Source "ChessBase"]
[SourceQuality "1"]
[TimeControl "40/5400+30:1800+30"]

1. Nf3 Nf6 2. e3 g6 3. d4 Bg7 4. Nbd2 d6 5. c3 O-O 6. Bd3 c5 7. Qc2 Nc6 8. O-O e5 9. dxc5 dxc5 10. Rd1 Qe7 11. e4 Nh5 $11 12. g3 Kh8 13. Nf1 Bg4 14. Be2 f5 15. Ne3 fxe4 *

[Event "21st Alekhine FIDE 2017"]
[Site "Voronezh"]
[Date "2017.06.17"]
[Round "6"]
[White "Rybakova, Polina"]
[Black "Filippov, Ivan"]
[Result "0-1"]
[ECO "B01"]
[WhiteElo "1847"]
[BlackElo "2041"]
[Annotator "NA RC"]
[PlyCount "94"]
[EventDate "2017.??.??"]
[EventType "swiss"]
[EventCountry "RUS"]
[SourceTitle "playchess.com"]
[Source "ChessBase"]
[SourceQuality "1"]
[TimeControl "40/5400+30:1800+30"]

1. e4 d5 2. exd5 Qxd5 3. Nc3 Qa5 4. Nf3 Nf6 5. Be2 c6 6. O-O Bg4 7. d4 e6 8. Ne5 Bxe2 9. Qxe2 Be7 10. Ng4 Nbd7 11. Nxf6+ Nxf6 12. Ne4 Qf5 13. Nxf6+ Bxf6 14. c3 O-O 15. f3 Rfe8 16. Re1 e5 17. dxe5 Rxe5 18. Qf2 Rae8 19. Bd2 a6 20. Rxe5 Rxe5 21. Re1 h6 22. Be3 Qe6 23. b3 Be7 24. Kf1 Bd6 25. h3 f5 26. g4 fxg4 27. fxg4 Qd5 28. Qg2 Qd3+ 29. Kf2 Qxc3 30. Qf3 Bc5 31. Re2 Bxe3+ 32. Rxe3 Qd2+ 33. Re2 Rxe2+ 34. Qxe2 Qxe2+ 35. Kxe2 Kf7 36. Kf3 Kf6 37. Kf4 g5+ 38. Ke4 Ke6 39. Kd4 b6 40. b4 Kd6 41. a3 c5+ 42. Kc4 b5+ 43. Kc3 Kd5 44. bxc5 Kxc5 45. Kd3 a5 46. Kc3 Kd5 47. Kd3 Ke5 {[%emt 0:00:09] Kd4+} 0-1

[Event "21st Alekhine FIDE 2017"]
[Site "Voronezh"]
[Date "2017.06.17"]
[Round "6"]
[White "Mezhov, Dmitriy"]
[Black "Khajrutdinov, Ildar"]
[Result "1/2-1/2"]
[ECO "E15"]
[WhiteElo "1809"]
[BlackElo "2087"]
[Annotator "NA RC"]
[PlyCount "125"]
[EventDate "2017.??.??"]
[EventType "swiss"]
[EventCountry "RUS"]
[SourceTitle "playchess.com"]
[Source "ChessBase"]
[SourceQuality "1"]
[TimeControl "40/5400+30:1800+30"]

1. d4 Nf6 2. c4 e6 3. Nf3 b6 4. g3 Ba6 5. Qa4 c5 6. Bg2 Bb7 7. O-O cxd4 8. Nxd4 Bxg2 9. Kxg2 Qc8 10. Bf4 {[%emt 0:07:44] E15: Queen's Indian: 4 g3 sidelines, 4 g3 Ba6 and 4 g3 Bb7 early deviations} (10. Rd1 Qb7+ 11. f3 Bc5 12. Nc3 O-O 13. Bg5 Ng4 14. Ne4 h6 15. Bc1 Be7 16. Nb5 Ne5 17. Bf4 Ng6 18. Bd6 {0-1 (55) Nikolic,P (2603)-Navara,D (2734) Berlin 2015}) 10... a6 {[%emt 0:07:47] LiveBook: 6 Games} (10... Bc5 $5 11. Nf3 O-O $11) 11. Nd2 Qb7+ $146 ({Predecessor:} 11... Be7 12. N4f3 Qb7 13. Rac1 O-O 14. Rfe1 d6 15. e4 Nbd7 16. Qc2 b5 17. b3 Rfc8 {½-½ (27) Gerber,K-Woizech,A ICCF corr 1978}) 12. N2f3 Be7 13. Rac1 O-O 14. h3 d6 15. Be3 Rc8 16. Rfd1 Nbd7 17. b4 Ne5 18. Qb3 b5 19. cxb5 axb5 20. Rxc8+ Rxc8 21. a4 bxa4 22. Qxa4 Nc4 23. Rb1 Nd5 24. Rb3 Ndxe3+ 25. fxe3 {[%emt 0:00:06] [#]} Bf6 $2 (25... d5 $1 $19 26. Qb5 Qxb5 27. Nxb5 Rb8) 26. Kf2 e5 27. Qb5 Qxb5 28. Nxb5 d5 29. Na7 Rc7 30. Nb5 Rc6 31. Na3 Nb6 32. b5 Rc1 33. Nb1 Kf8 34. Nc3 e4 35. Nd4 Ke7 36. Na2 Rc5 37. Nb4 g6 38. Nbc6+ Kd6 39. Ra3 Bxd4 40. Nxd4 Rc7 41. g4 h6 42. Kg3 Rb7 43. h4 Nc4 44. Ra6+ Nb6 45. h5 Kc5 46. g5 hxg5 47. h6 f5 $2 (47... f6 $1 $11 {and Black stays safe.}) 48. Ne6+ Kxb5 49. Ra1 Rh7 50. Rh1 Nc8 51. Nf8 Rh8 52. Nxg6 Rh7 53. Nf8 Rh8 54. h7 Rxf8 55. h8=Q Rxh8 56. Rxh8 Nd6 57. Rg8 Nc4 58. Rxg5 Nxe3 59. Kf4 d4 60. Rg3 Kc4 61. Rxe3 dxe3 62. Kxf5 Kd5 $11 (62... Kd4 $5) 63. Kf4 1/2-1/2

[Event "21st Alekhine FIDE 2017"]
[Site "Voronezh"]
[Date "2017.06.19"]
[Round "8"]
[White "Lepaev, Andrey"]
[Black "Khajrutdinov, Ildar"]
[Result "1-0"]
[ECO "E06"]
[WhiteElo "2059"]
[BlackElo "2087"]
[Annotator "NA RC"]
[PlyCount "80"]
[EventDate "2017.??.??"]
[EventType "swiss"]
[EventCountry "RUS"]
[SourceTitle "playchess.com"]
[Source "ChessBase"]
[SourceQuality "1"]
[TimeControl "40/5400+30:1800+30"]

1. d4 Nf6 2. c4 e6 3. g3 d5 4. Nf3 Be7 5. Bg2 O-O 6. O-O dxc4 7. Qc2 a6 8. a4 Bd7 9. Qxc4 Bc6 10. Bf4 Nbd7 11. Nc3 Nb6 {E05: Open Catalan: 5 Nf3 Be7} (11... Bd6 12. e3 Nb6 13. Qb3 Bxf4 14. gxf4 a5 15. Ne5 Bxg2 16. Kxg2 Nbd5 17. Rg1 Rc8 18. Rac1 Nb4 19. Qc4 {0-1 (63) Eljanov,P (2751)-Kramnik,V (2811) Shamkir 2017}) 12. Qd3 {LiveBook: 16 Games} Nbd5 13. Nxd5 Bxd5 14. Rac1 Rc8 15. Nd2 $146 (15. Ne5 $5 Bxg2 16. Kxg2 $11) ({Predecessor:} 15. Rfe1 Be4 16. Qb3 {½-½ (16) Reh,P (2105)-Kloss,T Germany 1995}) 15... Bxg2 16. Kxg2 c5 17. dxc5 Qxd3 18. exd3 Bxc5 19. Ne4 Nxe4 20. dxe4 Bd4 21. Bd6 Rfd8 22. b3 f6 23. Ba3 Kf7 24. Rxc8 Rxc8 25. Rc1 Rxc1 26. Bxc1 f5 27. exf5 exf5 28. Kf3 Ke6 29. Be3 Bf6 $11 30. Ke2 Kd5 31. Kd3 g6 32. h3 h5 33. f3 Be5 34. g4 fxg4 35. fxg4 hxg4 36. hxg4 Bf6 37. Bf2 Be5 38. Be3 Bf6 39. Bg1 Be5 40. Be3 Bf6 {Ke4+} 1-0

[Event "21st Alekhine FIDE 2017"]
[Site "Voronezh"]
[Date "2017.06.19"]
[Round "8"]
[White "Chernov, Vladimir S"]
[Black "Moiseenko, Andrey"]
[Result "0-1"]
[ECO "A59"]
[WhiteElo "2045"]
[BlackElo "2010"]
[Annotator "NA RC"]
[PlyCount "60"]
[EventDate "2017.??.??"]
[EventType "swiss"]
[EventCountry "RUS"]
[SourceTitle "playchess.com"]
[Source "ChessBase"]
[SourceQuality "1"]
[TimeControl "40/5400+30:1800+30"]

1. d4 Nf6 2. c4 c5 3. d5 b5 4. cxb5 a6 5. bxa6 g6 (5... e6 $11 {keeps the balance.}) 6. Nc3 Bxa6 7. e4 Bxf1 8. Kxf1 d6 9. g3 Bg7 10. Kg2 O-O 11. Nge2 {[%emt 0:01:20] LiveBook: 57 Games} Nbd7 12. Re1 {[%emt 0:01:05] A59: Benko/Volga Gambit: White castles by hand} (12. Qc2 Ra6 13. Rd1 Qa8 14. Rb1 e6 15. Nf4 exd5 16. Nfxd5 Nxd5 17. Nxd5 Rxa2 18. Ne7+ Kh8 19. Rxd6 Ne5 20. Rd5 {½-½ (34) Oms Pallisse,J (2528)-Alsina Leal,D (2527) Barcelona 2010}) 12... Ra6 13. Qc2 Qa8 14. b3 $146 (14. f3 $16) ({Predecessor:} 14. Bf4 e6 15. Rad1 exd5 16. exd5 Ng4 17. h3 Nge5 18. b3 Rb8 19. Bxe5 Nxe5 {0-1 (48) Zimin,I (2072)-Gutov,A (2406) Kemerovo 2011}) 14... Rb8 (14... e6 $11) 15. Bb2 Ne5 16. f4 Neg4 17. Ng1 c4 $1 18. bxc4 Qa7 19. Nd1 {[%emt 0:12:25] [#]} (19. e5 $14 dxe5 20. fxe5) 19... Rxb2 $1 20. Nxb2 Ne3+ 21. Rxe3 Qxe3 22. Nf3 $2 ({White should try} 22. a4 $15) 22... Qxe4 (22... Ra3 $19 {is more deadly.} 23. Rf1 Rxa2) 23. Qd2 $2 (23. Qd3 $17) 23... Ra3 24. Rf1 Ng4 25. Nd1 Qxc4 26. Qe1 Rxa2+ 27. Kh3 Qxd5 28. Qxe7 Bf6 29. Qe8+ Kg7 30. Ng5 Rxh2+ {[%emt 0:00:27] Qc8} 0-1

[Event "21st Alekhine FIDE 2017"]
[Site "Voronezh"]
[Date "2017.06.19"]
[Round "8"]
[White "Rozmetov, Aybek"]
[Black "Novikov, Sergey D"]
[Result "0-1"]
[ECO "D30"]
[WhiteElo "1978"]
[BlackElo "2061"]
[Annotator "NA RC"]
[PlyCount "75"]
[EventDate "2017.??.??"]
[EventType "swiss"]
[EventCountry "RUS"]
[SourceTitle "playchess.com"]
[Source "ChessBase"]
[SourceQuality "1"]
[TimeControl "40/5400+30:1800+30"]

1. d4 d5 2. c4 e6 3. Nf3 Nf6 4. g3 dxc4 5. Qa4+ Bd7 6. Qxc4 c5 7. Bg2 Bc6 8. O-O {[%emt 0:00:43] E04: Open Catalan: 5 Nf3} Bd5 (8... Nbd7 9. Nc3 Rc8 10. Be3 b5 11. Qd3 b4 12. Nb1 c4 13. Qc2 Be7 14. a3 b3 15. Qc1 Nb6 {0-1 (34) Radjabov,T (2745)-Anand,V (2783) Stavanger 2013}) 9. Qc2 cxd4 10. Rd1 Nbd7 11. Rxd4 $146 ({Predecessor:} 11. Bg5 Rc8 12. Qa4 Rc4 13. Bxf6 gxf6 14. Qb3 a6 15. Nxd4 Rxd4 16. Bxd5 Rxd1+ 17. Qxd1 exd5 18. Qxd5 {0-1 (36) Godoy,C (2315)-Comp MChess Pro 486 Villa Ballester 1993}) 11... Bc5 12. Rd1 Qb6 13. e3 O-O 14. Nc3 Rac8 15. Nxd5 Nxd5 16. Ng5 N7f6 17. Qe2 Rcd8 18. Ne4 Nxe4 19. Bxe4 Nf6 20. Bd3 e5 21. b3 e4 22. Bc4 Rxd1+ 23. Qxd1 Rd8 24. Qe2 Bb4 25. a3 Bc3 26. Ra2 Qa5 27. b4 Qe5 28. Rc2 h5 29. h4 Ng4 30. Kg2 Qf6 31. Bb3 Rd3 32. Bc4 $2 (32. f3 $1 $15 exf3+ 33. Qxf3) 32... Ne5 33. Ba2 Qf3+ 34. Qxf3 exf3+ 35. Kh3 Ng4 36. Bb2 Rd1 37. Rc1 Bxb2 $19 (37... Nxf2+ $142 38. Kh2 Ng4+ 39. Kh3 Rd2 40. Rh1 Rg2 41. Bxf7+ Kxf7 42. Bxc3 Nf2#) 38. Rxd1 0-1